Map: Battle on the Boardwalk LE

Players

SamuraiFunn - Winner!

  • Race: Protoss Protoss
  • League: Platinum
  • Spawn Location: 1:00

A.I. 1 (Elite)

  • Race: Terran Terran
  • Spawn Location: 11:00

VOD

Have the link to the VOD?

Description

Time

  • Played on: Nov. 26, 2017, 9:36 p.m.
  • Length: 11:19
Show
View Real Time Build Order
Export as new Build Order

SamuraiFunn Protoss - Winner!

Build Orders:  

Get SALT Encoding   

  12  0:01  Probe  
  13  0:13  Probe  
  14  0:25  Probe  
  14  0:26  Pylon  
  15  0:37  Assimilator  
  15  0:44  Probe (Chrono Boost)  
  16  0:51  Gateway  
  16  0:56  Probe (Chrono Boost)  
  18  1:05  Probe (Chrono Boost)  
  18  1:06  Gateway  
  18  1:10  Probe  
  19  1:24  Probe  
  20  1:30  Assimilator  
  20  1:36  Probe  
  21  1:41  Cybernetics Core  
  21  1:48  Probe  
  21  1:49  Pylon  
  22  2:07  Zealot x2  
  26  2:09  Probe  
  26  2:15  Pylon  
  27  2:21  Probe  
  28  2:29  Warp Gate (Chrono Boost)  
  28  2:45  Nexus  
  28  2:46  Probe  
  29  2:58  Probe  
  30  3:07  Stargate  
  30  3:20  Probe  
  30  3:21  Stargate  
  31  3:32  Probe  
  32  3:42  Pylon  
  32  3:44  Probe  
  33  3:53  Assimilator  
  33  3:56  Probe  
  33  3:58  Assimilator  
  33  4:01  Probe  
  35  4:09  Probe  
  36  4:13  Void Ray (Chrono Boost), Protoss Air Weapons Level 1  
  40  4:20  Probe  
  40  4:23  Probe  
  46  4:27  Void Ray (Chrono Boost)  
  46  4:38  Pylon  
  46  4:42  Probe x2  
  48  4:47  Void Ray  
  52  4:54  Probe x2  
  54  5:04  Void Ray  
  54  5:06  Probe x2  
  60  5:07  Zealot x2  
  64  5:22  Probe x2  
  64  5:27  Twilight Council  
  66  5:29  Zealot  
  66  5:30  Zealot  
  70  5:39  Pylon  
  70  5:51  Pylon  
  70  5:56  Void Ray  
  70  5:57  Probe x2  
  76  6:07  Nexus  
  76  6:09  Probe x2  
  76  6:11  Assimilator  
  78  6:20  Void Ray  
  78  6:21  Probe x2  
  84  6:33  Probe x2  
  86  6:45  Pylon  
  86  6:47  Pylon  
  86  6:50  Pylon  
  86  6:53  Assimilator  
  86  7:03  Probe x2, Void Ray  
  86  7:05  Protoss Air Armor Level 1  
  92  7:12  Void Ray, Forge  
  92  7:15  Probe x2, Zealot x2  
  102  7:19  Probe  
  103  7:27  Probe x2  
  105  7:30  Charge (Chrono Boost)  
  105  7:34  Probe  
  106  7:46  Void Ray  
  110  7:54  Probe x2  
  110  7:55  Probe, Void Ray  
  110  7:58  Zealot x2  
  119  8:04  Gateway  
  119  8:05  Gateway  
  121  8:07  Gateway  
  121  8:10  Probe x2  
  121  8:11  Probe  
  121  8:12  Pylon  
  124  8:14  Pylon  
  100  8:27  Zealot x2  
  104  8:42  Void Ray x2  
  108  9:30  Zealot  
  108  9:31  Zealot x3  
  116  9:32  Void Ray x2  
Show
View Real Time Build Order
Export as new Build Order

A.I. 1 (Elite) Terran 

Build Orders: MMM Bio 

Get SALT Encoding   

  12  0:00  SCV  
  13  0:13  SCV  
  14  0:18  Supply Depot  
  14  0:25  SCV  
  15  0:29  Refinery  
  15  0:39  SCV  
  16  0:48  Barracks  
  16  0:52  SCV  
  17  1:04  SCV  
  18  1:16  SCV  
  19  1:35  Marine  
  19  1:39  Factory, Orbital Command  
  20  1:41  Supply Depot  
  20  1:51  Barracks  
  20  1:54  Marine  
  21  2:04  SCV  
  21  2:07  Refinery  
  22  2:11  Marine  
  23  2:16  SCV  
  24  2:23  Supply Depot, Factory Tech Lab  
  24  2:28  SCV  
  25  2:30  Marine  
  26  2:37  Marine  
  26  2:44  Siege Tank  
  30  2:47  SCV  
  30  2:49  Marine  
  32  2:55  Marine  
  33  3:00  Supply Depot  
  33  3:02  SCV  
  34  3:07  Marine  
  35  3:13  Marine  
  35  3:16  Siege Tank  
  39  3:21  SCV  
  39  3:25  Marine  
  41  3:31  Marine, Supply Depot  
  42  3:36  SCV  
  43  3:48  SCV  
  44  3:58  Command Center  
  44  4:00  SCV  
  44  4:01  Barracks Tech Lab  
  45  4:03  Barracks Tech Lab  
  45  4:12  SCV, Supply Depot  
  46  4:19  Marine  
  46  4:21  Marauder  
  49  4:24  SCV  
  50  4:31  Stimpack  
  50  4:35  Combat Shields  
  50  4:37  Marauder  
  52  4:43  Marauder  
  54  4:52  Engineering Bay  
  54  4:59  Marauder  
  56  5:04  Marauder  
  58  5:08  Supply Depot  
  58  5:10  SCV x2  
  60  5:19  Terran Infantry Weapons Level 1  
  60  5:20  Marauder  
  62  5:22  SCV  
  62  5:23  SCV  
  66  5:28  Marauder  
  66  5:34  SCV  
  66  5:35  SCV  
  68  5:41  Marauder  
  70  5:46  SCV  
  70  5:47  SCV  
  72  5:54  Concussive Shells  
  72  5:57  Marine  
  72  5:58  SCV, Engineering Bay  
  72  6:00  SCV  
  72  6:02  Barracks  
  75  6:08  Command Center  
  75  6:15  SCV  
  75  6:17  SCV  
  77  6:23  Supply Depot  
  77  6:24  Marine, Terran Infantry Armor Level 1  
  78  6:28  SCV, Marauder  
  78  6:29  SCV  
  82  6:38  Siege Tank  
  85  6:40  SCV  
  85  6:45  Marauder  
  88  6:49  Supply Depot  
  88  6:51  Barracks Reactor  
  88  6:53  Orbital Command  
  88  6:57  Missile Turret  
  88  7:01  Missile Turret  
  88  7:08  Barracks  
  88  7:11  Siege Tank  
  88  7:12  Starport  
  91  7:19  Supply Depot, Marine  
  91  7:21  SCV  
  91  7:22  SCV  
  94  7:24  SCV  
  95  7:33  SCV  
  95  7:35  SCV  
  95  7:36  SCV  
  98  7:45  SCV  
  98  7:47  SCV, Marine  
  98  7:48  Missile Turret  
  98  7:49  SCV  
  102  7:51  Medivac  
  102  7:57  SCV, Marauder, Missile Turret  
  107  7:59  SCV  
  107  8:01  SCV  
  107  8:04  Supply Depot  
  109  8:06  Marauder  
  109  8:10  SCV, Siege Tank  
  109  8:11  SCV  
  116  8:13  SCV  
  113  8:20  Refinery  
  113  8:22  SCV, Starport Reactor, Marine, Refinery  
  113  8:23  Marine  
  113  8:24  Marine  
  113  8:25  Orbital Command  
  113  8:26  Marine  
  93  8:27  Marine  
  82  8:38  Refinery  
  82  8:40  Marine  
  77  8:41  Marine  
  77  8:43  Marine  
  77  8:44  SCV, Marine  
  77  8:45  SCV, Marauder  
  82  8:51  SCV  
  69  8:56  SCV  
  69  8:57  SCV  
  69  8:58  Viking x2  
  69  8:59  Marine, Marauder  
  69  9:01  Marine x2  
  79  9:03  SCV  
  79  9:07  Marauder  
  79  9:08  SCV  
  74  9:15  SCV  
  72  9:17  Marine  
  72  9:18  Marine  
  72  9:20  SCV, Marauder  
  72  9:27  SCV  
  63  9:33  SCV  
  63  9:37  Marine  
  58  9:38  Marine  
  58  9:40  Marine  
  58  9:42  Marine  
  58  9:44  SCV  
  58  9:45  SCV  
  59  9:51  Starport  
  52  9:55  Marine  
  52  9:57  SCV  
  52  9:59  Marine  
  55  10:00  Marauder, Command Center  
  55  10:01  Marine  
  49  10:13  Marine  
  37  10:26  Starport  
Tags
 
Add a new tag
Caveats
  • Supply blocks, unpowered buildings, or Contaminate may cause inaccurate times.
  • Supply counts are checked every 10 seconds.